 Dungeon Crawl Stone Soup version 0.30-a0-368-g86fb4627a9 (webtiles) character file.

Game seed: 14679973652066907534

2095 purpskrrrp the Digger (level 9, -3/54 HPs)
             Began as a Gargoyle Earth Elementalist on Nov 18, 2022.
             Was a Believer of Sif Muna.
             Slain by a troll (9 damage)
             ... on level 7 of the Dungeon.
             The game lasted 00:08:01 (5845 turns).

purpskrrrp the Digger (Gargoyle Earth Elementalist) Turns: 5845, Time: 00:08:02

Health: -3/54      AC: 16    Str: 14    XL:     9   Next: 27%
Magic:  14/16      EV: 11    Int: 18    God:    Sif Muna [**....]
Gold:   341        SH:  5    Dex: 16    Spells: 16/17 levels left

rFire   + . .      SeeInvis +    p - +0 morningstar (freeze)
rCold   . . .      Faith    .    (no shield)
rNeg    + . .      Spirit   .    y - +0 acid dragon scales
rPois   ∞          Reflect  +    f - +2 helmet
rElec   +          Harm     .    (no cloak)
rCorr   +          Rampage  .    (no gloves)
Will    .....                    (no boots)
Stlth   +++.......               w - amulet of reflection
HPRegen 0.29/turn                g - +4 ring of protection
MPRegen 0.15/turn                i - ring "Ottekhoc" {rF+ Dex+6 SInv}

@: corroded
A: sickness immunity, AC +6, negative energy resistance 1, electricity
resistance, torment resistance 1, petrification resistance
a: Renounce Religion, Channel Magic


You were on level 7 of the Dungeon.
You worshipped Sif Muna.
Sif Muna was pleased with you.
You visited 1 branch of the dungeon, and saw 7 of its levels.

You collected 341 gold pieces.

Inventory:

Hand Weapons
 p - a +0 morningstar of freezing (weapon)
Missiles
 m - 3 throwing nets
Armour
 a - a +1 robe
 f - a +2 helmet (worn)
 y - +0 acid dragon scales (worn)
Jewellery
 g - a +4 ring of protection (left hand)
 i - the ring "Ottekhoc" (right hand) {rF+ Dex+6 SInv}
   (You found it on level 5 of the Dungeon)

   [ring of dexterity]

   Dex:       It affects your dexterity (+6).
   rF:        It protects you from fire.
   SInv:      It lets you see invisible.
 r - a ring of ice
 v - a ring of protection from cold
 w - an amulet of reflection (around neck)
Wands
 d - a wand of flame (20)
 n - a wand of charming (5)
Scrolls
 l - a scroll of amnesia {unknown}
 o - 2 scrolls of teleportation
 s - a scroll of identify
Potions
 b - 3 potions of magic
 c - 4 potions of might
 e - a potion of heal wounds
 h - a potion of attraction {unknown}
 j - 2 potions of invisibility {unknown}
 k - a potion of flight {unknown}
 q - 2 potions of mutation
 t - a potion of curing {unknown}
 u - a potion of cancellation {unknown}
 x - a potion of resistance {unknown}
 z - 2 potions of berserk rage


   Skills:
 + Level 5.0 Fighting
 + Level 4.9 Armour
 - Level 1.7 Dodging
 - Level 6.3 Stealth
 + Level 4.7 Spellcasting
 + Level 4.0 Transmutations
 * Level 7.0 Earth Magic


You had 16 spell levels left.
You knew the following spells:

 Your Spells              Type           Power      Damage    Failure   Level
a - Sandblast             Erth           58%        2d13      1%          1

Your spell library contained the following spells:

 Spells                   Type           Power      Damage    Failure   Level
 Passwall                 Tmut/Erth      20%        N/A       3%          2
 Stone Arrow              Conj/Erth      32%        3d9       13%         3
 Petrify                  Tmut/Erth      24%        N/A       19%         4
 Summon Guardian Golem    Hex/Summ       4%         N/A       50%         3
 Orb of Destruction       Conj           2%         9d5       100%        7
 Spellforged Servitor     Conj/Summ      2%         N/A       100%        7


Dungeon Overview and Level Annotations

Branches:
Dungeon (7/15)             Temple (0/1) D:5

Altars:
Ashenzari
Dithmenos
Elyvilon
Makhleb
Nemelex Xobeh
Qazlal
Ru
Sif Muna
Uskayaw
Yredelemnul
Zin


Innate Abilities, Weirdness & Mutations

You are immune to sickness and miasma.
Your stone body is resilient. (AC +6)
You are immune to poison.
You resist negative energy. (rN+)
You are resistant to electric shocks. (rElec)
You are resistant to unholy torment.
You are immune to petrification.


Message History

The troll closely misses you.
A jelly comes into view.
An ice beast comes into view.
A jelly comes into view.
The troll completely misses you. The troll claws you but does no damage.
The troll claws you!
* * * LOW HITPOINT WARNING * * *
The iguana bites you but does no damage.
You block the acid dragon's attack. The acid dragon claws you.
* * * LOW HITPOINT WARNING * * *
You are too injured to fight recklessly!
You are too injured to fight recklessly!
You are too injured to fight recklessly!
You are too injured to fight recklessly!
You are too injured to fight recklessly!
You are too injured to fight recklessly!
You are too injured to fight recklessly!
You are too injured to fight recklessly!
You are too injured to fight recklessly!
You are too injured to fight recklessly!
You are too injured to fight recklessly!
You are too injured to fight recklessly!
You are too injured to fight recklessly!
You are too injured to fight recklessly!
You are too injured to fight recklessly!
You are too injured to fight recklessly!
You are too injured to fight recklessly!
You are too injured to fight recklessly!
You are too injured to fight recklessly!
You are too injured to fight recklessly!
You are too injured to fight recklessly!
You are too injured to fight recklessly!
You are too injured to fight recklessly!
You are too injured to fight recklessly!
You are too injured to fight recklessly!
You are too injured to fight recklessly!
You are too injured to fight recklessly!
Okay, then.
The troll attacks as you move away! The troll bites you.
* * * LOW HITPOINT WARNING * * *
The troll claws you but does no damage. The troll claws you!
You die...

.#...#.# .#)
..J#.#.J# #.#.
#Y..#.o.. ...#
...S...# #..#
#Y.)#.# #..# .
#!#..###..#
#...#nTl.##..#
.....TD@.....#
###########..#
#<.#
#.<########
#..........
#..........
###########


You could see 2 trolls, a water moccasin, an acid dragon, an ice beast
(wandering), a sky beast, a necrophage, an iguana, 2 jellies and an orc
(wandering).

Vanquished Creatures
  Pikel (D:5)
  A sky beast (D:6)
  An ice beast (D:5)
  2 ogres
  A phantom (D:6)
  A lemure (D:5)
  2 necrophages
  A bullfrog (D:7)
  2 scorpions
  A howler monkey (D:7)
  4 jellies
  An orc priest (D:6)
  6 hounds
  2 gnoll boudas
  4 iguanas
  3 orc wizards (D:5)
  6 adders
  17 gnolls
  An ufetubus (D:5)
  A worm (D:2)
  A dart slug (D:4)
  14 orcs
  4 ball pythons
  3 endoplasms
  3 giant cockroaches
  5 goblins
  8 hobgoblins
  4 jackals (D:1)
  4 quokkas
  3 bats
  A frilled lizard (D:1)
  4 kobolds
  5 rats
117 creatures vanquished.

Notes
Turn   | Place    | Note
-------+----------+-------------------------------------------
     0 | D:1      | purpskrrrp the Gargoyle Earth Elementalist began the quest
                  | for the Orb.
     0 | D:1      | Reached XP level 1. HP: 10/10 MP: 3/3
   261 | D:1      | Reached skill level 1 in Transmutations
   261 | D:1      | Reached XP level 2. HP: 15/15 MP: 3/5
  1352 | D:2      | Reached XP level 3. HP: 20/20 MP: 3/6
  1675 | D:2      | Reached skill level 1 in Fighting
  1675 | D:2      | Reached skill level 4 in Earth Magic
  1981 | D:3      | Reached skill level 1 in Armour
  2166 | D:3      | Found a basalt altar of Yredelemnul.
  2220 | D:3      | Reached XP level 4. HP: 25/25 MP: 4/7
  2530 | D:3      | Found a faded altar of an unknown god.
  2593 | D:3      | Reached XP level 5. HP: 12/29 MP: 1/8
  2742 | D:3      | Found a glowing silver altar of Zin.
  2742 | D:3      | Found a shimmering blue altar of Sif Muna.
  2795 | D:3      | Became a worshipper of Sif Muna the Loreminder
  2853 | D:4      | Reached XP level 6. HP: 18/35 MP: 0/10
  3148 | D:4      | Found a stormy altar of Qazlal.
  3745 | D:5      | Entered Level 5 of the Dungeon
  3753 | D:5      | Identified the ring "Ottekhoc" {rF+ Dex+6 SInv}
  3821 | D:5      | Found a staircase to the Ecumenical Temple.
  3851 | D:5      | Found a burning altar of Makhleb.
  3887 | D:5      | Reached skill level 5 in Earth Magic
  3887 | D:5      | Reached XP level 7. HP: 40/40 MP: 5/11
  3892 | D:5      | Reached * piety under Sif Muna
  3976 | D:5      | Found a stormy altar of Qazlal.
  4394 | D:5      | Noticed Pikel
  4425 | D:5      | Killed Pikel
  4426 | D:5      | Reached skill level 5 in Stealth
  4426 | D:5      | Reached skill level 6 in Earth Magic
  4426 | D:5      | Reached XP level 8. HP: 26/48 MP: 10/14
  4588 | D:5      | Found a hide-covered altar of Uskayaw.
  5158 | D:6      | Reached XP level 9. HP: 52/52 MP: 15/15
  5378 | D:6      | Found a sparkling altar of Nemelex Xobeh.
  5380 | D:6      | Found a shadowy altar of Dithmenos.
  5407 | D:6      | Found a sacrificial altar of Ru.
  5435 | D:6      | Found a broken altar of Ashenzari.
  5435 | D:6      | Found a white marble altar of Elyvilon.
  5501 | D:6      | Identified the +7 sling "Xiwyadd" {drain, rPois rF+ Dex+6}
  5638 | D:6      | Reached ** piety under Sif Muna
  5837 | D:7      | Noticed a troll
  5840 | D:7      | Noticed a troll
  5843 | D:7      | Reached skill level 5 in Fighting
  5843 | D:7      | Reached skill level 7 in Earth Magic
  5845 | D:7      | Slain by a troll

Illustrated notes

Levels and vault maps discovered:
D:1:      dpeg_arrival_houses_and_road, layout_basic
D:2:      minmay_alternating_diamond, layout_basic
D:3:      layout_basic, mainiacjoe_overflow_chevrons,
          gammafunk_temple_overflow_wave, shapermc_ecumenical_altar_mp_vishouse
D:4:      layout_gridville, mainiacjoe_overflow_alcove_1,
          grunt_decor_one_mirror, st_stairs_10, minmay_joined_circles
D:5:      layout_basic, lightli_temple_of_fire, temple_fountains,
          hangedman_feature_mirror, uniq_pikel
D:6:      layout_loops_cross, general_overflow_altar,
          nicolae_overflow_hidden_temple
D:7:      cheibrodos_fzero, layout_loops_ring, doesnt_xom_only_xom,
          mainiacjoe_overflow_24_doors, marbit_many_paths, lemuel_round_altar,
          corexii_checkpoint_a, kb_rosetta

Skill      XL: |  1  2  3  4  5  6  7  8  9 |
---------------+----------------------------+-----
Transmutations | 1 2 3 4 |  4.0
Fighting       | 1 2 4 5 |  5.0
Earth Magic    | 4 5 6 7 |  7.0
Armour         | 1 2 4 |  4.9
Stealth        | 3 4 5 6 |  6.3
Spellcasting   | 3 4 |  4.7
Dodging        | |  1.7

Action                   |  1- 3 |  4- 6 |  7- 9 || total
-------------------------+-------+-------+-------++-------
Melee: Unarmed           |    77 |    22 |       ||    99
       Punch             |     2 |     3 |     2 ||     7
       Morningstar       |       |    79 |   157 ||   236
 Cast: Sandblast         |    41 |    49 |    59 ||   149
  Use: Scroll            |     2 |     7 |     1 ||    10
       Potion            |       |     1 |     2 ||     3
Armor: Robe              |    33 |    81 |    88 ||   202
       Acid dragon scale |       |       |     9 ||     9
Dodge: Dodged            |    61 |   123 |   123 ||   307
Block: Other             |       |     3 |    46 ||    49

Table legend: (Time is in decaauts)
 A = Elapsed time spent in this place.
 B = Non-inter-level travel time spent in this place.
 C = Inter-level travel time spent in this place.
 D = Time resting spent in this place.
 E = Time spent auto-exploring this place.
 F = Levels seen in this place.
 G = Mean time per level.
                   A        B        C        D        E       F      G
               +--------+--------+--------+--------+--------+-----+--------+
         Total |   6034 |   5887 |    147 |    136 |   4657 |   7 |  862.0 |
       Dungeon |   6034 |   5887 |    147 |    136 |   4657 |   7 |  862.0 |
               +--------+--------+--------+--------+--------+-----+--------+

Top non-repeatable levels by time:
     D:5: 1268 daAuts
     D:4: 1005 daAuts
     D:1: 1003 daAuts
     D:2: 952 daAuts
     D:6: 912 daAuts
     D:3: 862 daAuts
     D:7: 29 daAuts
